 Dungeon Crawl Stone Soup version 0.30.0-18-gc0e69614cb (webtiles) character file.

Game seed: 3642939591108376375

869 jasper the Purveyor of Pain (level 7, 0/54 HPs)
             Began as a Demonspawn Necromancer on May 25, 2023.
             Was an Initiate of Kikubaaqudgha.
             Slain by a gnoll sergeant
             ... wielding a +2 trident of venom
              (8 damage)
             ... on level 5 of the Dungeon.
             The game lasted 00:08:46 (5272 turns).

jasper the Purveyor of Pain (DsNe)                  Turns: 5272, Time: 00:08:46

Health: 0/54       AC:  5    Str:  8    XL:     7   Next: 73%
Magic:  7/10       EV: 13    Int: 18    God:    Kikubaaqudgha [......]
Gold:   163        SH:  0    Dex: 14    Spells: 2/10 levels left

rFire   . . .        d - +0 short sword (flame)
rCold   . . .        (no shield)
rNeg    . . .        a - +0 robe
rPois   .            c - +0 helmet
rElec   .            (no cloak)
rCorr   .            b - +0 pair of gloves
SInv    .            (no boots)
Will    .....        (no amulet)
Stlth   ++           (no ring)
HPRegen 0.29/turn    (no ring)
MPRegen 0.12/turn

%: no passive effects
@: lethally poisoned (0 -> -13), studying Air Magic
A: demonic guardian 1, powered by death 1, sharp scales 1
a: Renounce Religion


You were on level 5 of the Dungeon.
You worshipped Kikubaaqudgha.
Kikubaaqudgha was noncommittal.
You visited 1 branch of the dungeon, and saw 5 of its levels.

You collected 163 gold pieces.

Inventory:

Hand Weapons
 d - a +0 short sword of flaming (weapon)
Missiles
 t - a throwing net
Armour
 a - a +0 robe (worn)
 b - a +0 pair of gloves (worn)
 c - a +0 helmet (worn)
 l - a +0 ring mail
 q - a +0 leather armour
Magical Staves
 i - a staff of cold
 r - a staff of air
Jewellery
 m - a ring of flight
Wands
 n - a wand of mindburst (10)
Scrolls
 f - a scroll of fear
 g - a scroll of amnesia
 h - a scroll of teleportation
 k - a scroll of noise {unknown}
 o - a scroll of identify
 s - a scroll of enchant weapon {unknown}
 u - a scroll of blinking {unknown}
Potions
 e - a potion of attraction
 j - 3 potions of curing
 p - a potion of berserk rage {unknown}


   Skills:
 + Level 4.0 Fighting
 + Level 4.2 Dodging
 - Level 1.7 Stealth
 - Level 2.0 Spellcasting
 - Level 8.3 Necromancy


You had 2 spell levels left.
You knew the following spells:

 Your Spells              Type           Power      Damage    Failure   Level
a - Necrotise             Necr           100%       1d9       1%          1
b - Vampiric Draining     Necr           31%        2d8       1%          3
c - Animate Dead          Necr           31%        N/A       6%          4

Your spell library contained the following spells:

 Spells                   Type           Power      Damage    Failure   Level
 Ensorcelled Hibernation  Hex/Ice        2%         N/A       26%         2
 Agony                    Necr           31%        N/A       16%         5
 Anguish                  Hex/Necr       8%         N/A       32%         4
 Spider Form              Tmut/Pois      1%         N/A       47%         3
 Borgnjor's Revivificati  Necr           15%        N/A       100%        8
 Necromutation            Tmut/Necr      8%         N/A       100%        8
 Death's Door             Necr           15%        N/A       100%        9


Dungeon Overview and Level Annotations

Branches:
Dungeon (5/15)
 Temple: D:4-7

Altars:
Cheibriados
Kikubaaqudgha
Okawaru
Yredelemnul

Shops:
D:2 :   D:4 :


Innate Abilities, Weirdness & Mutations

A weak demonic guardian rushes to your aid.
You regenerate a little health from kills.
You are partially covered in razor-sharp scales. (AC +1, Slay +1)


Message History

The arrow hits you!
You hear a shout!
You take 15 damage, and have 28/54 hp.
MASSIVE DAMAGE!!
You now have 7/10 mp.
You are too injured to fight recklessly!
The centaur shoots an arrow.
The arrow misses your quasit. The arrow hits you.
Your quasit barely misses the centaur.
Your quasit closely misses the centaur.
Your quasit claws the centaur but does no damage.
You take 5 damage, and have 23/54 hp.
The centaur unwields a +0 shortbow.
The centaur misses your quasit. The centaur barely misses your quasit.
Your quasit bites the centaur.
Your quasit claws the centaur but does no damage.
Your quasit barely misses the centaur.
The centaur wields a +0 shortbow.
The centaur shoots an arrow.
The arrow hits your quasit!
You swap places.
Found a leather armour.
The centaur unwields a +0 shortbow.
The centaur misses you.
The centaur kicks you but does no damage.
A gnoll sergeant comes into view. It is wielding a +2 trident of venom.
You hit the centaur. You burn the centaur.
The centaur is severely wounded.
Your quasit bites the centaur.
Your quasit claws the centaur but does no damage. x2
The centaur hits your quasit.
Your quasit dies!
Your quasit disappears in a puff of smoke!
The gnoll sergeant hits you from afar with a +2 trident of venom!
* * * LOW HITPOINT WARNING * * *
You are lethally poisoned!
You take 9 damage, and have 15/54 hp.
You hit the centaur. You burn the centaur.
The centaur is almost dead.
* * * LOW HITPOINT WARNING * * *
You feel very sick. The centaur hits you.
* * * LOW HITPOINT WARNING * * *
The centaur kicks you but does no damage.
The centaur hits you but does no damage.
The centaur kicks you but does no damage.
The gnoll sergeant hits you from afar with a +2 trident of venom!
You die...
Kikubaaqudgha rasps: "You have failed me!
Welcome... death!"

...
..............##.# #
###............##.##
..#...........##..#
##..............##.#
...#...........##.#
.####............#.#
.......§....#.#
[.....§.§...#.####
#...c@.........#
###g####.......# #
##.>....# #......#
#......# #......#
.......# .........


You could see a gnoll sergeant and a centaur.

Vanquished Creatures
  An ice beast (D:4)
  A black bear (D:4)
  An ogre (D:4)
  A centaur (D:3)
  2 scorpions
  3 hounds
  Natasha (thrice) (D:3)
  5 adders
  6 gnolls
  2 worms (D:2)
  3 dart slugs
  8 orcs
  8 ball pythons
  7 bats
  6 endoplasms
  2 giant cockroaches
  9 goblins
  6 hobgoblins
  14 jackals
  8 quokkas
  5 frilled lizards
  15 kobolds
  4 rats
120 creatures vanquished.

Vanquished Creatures (collateral kills)
  A dart slug (D:2)
  An endoplasm (D:3)
  A hobgoblin (D:3)
  2 ball pythons
  A frilled lizard (D:1)
6 creatures vanquished.

Grand Total: 126 creatures vanquished

Notes
Turn   | Place    | Note
-------+----------+-------------------------------------------
     0 | D:1      | jasper the Demonspawn Necromancer began the quest for the
                  | Orb.
     0 | D:1      | Reached XP level 1. HP: 13/13 MP: 3/3
   125 | D:1      | Reached skill level 5 in Necromancy
   125 | D:1      | Gained mutation: You regenerate a little health from kills.
                  | [demonic ancestry]
   125 | D:1      | Reached XP level 2. HP: 19/19 MP: 0/5
   400 | D:1      | Found a faded altar of an unknown god.
   533 | D:1      | Reached XP level 3. HP: 24/24 MP: 3/6
   537 | D:1      | Learned a level 3 spell: Vampiric Draining
  1087 | D:1      | Identified a scroll of acquirement
  1087 | D:1      | Acquired a Necronomicon
  1261 | D:2      | Found Zolusopni's Book Shop.
  1441 | D:2      | Reached skill level 6 in Necromancy
  1581 | D:2      | Gained mutation: A weak demonic guardian rushes to your
                  | aid. [demonic ancestry]
  1581 | D:2      | Reached XP level 4. HP: 30/30 MP: 3/7
  2511 | D:3      | Noticed a centaur
  2522 | D:3      | Killed a centaur
  2523 | D:3      | Reached skill level 7 in Necromancy
  2523 | D:3      | Gained mutation: You are partially covered in razor-sharp
                  | scales. (AC +1, Slay +1) [demonic ancestry]
  2523 | D:3      | Reached XP level 5. HP: 35/35 MP: 0/8
  2907 | D:3      | Noticed Natasha
  2925 | D:3      | Killed Natasha
  2926 | D:3      | Reached skill level 8 in Necromancy
  3098 | D:3      | Found a basalt altar of Yredelemnul.
  3100 | D:3      | Found an iron altar of Okawaru.
  3116 | D:3      | Noticed Natasha
  3118 | D:3      | Reached XP level 6. HP: 41/41 MP: 6/9
  3142 | D:3      | Killed Natasha
  3312 | D:3      | Noticed Natasha
  3329 | D:3      | Killed Natasha
  3492 | D:3      | Learned a level 4 spell: Animate Dead
  3589 | D:3      | Found a snail-covered altar of Cheibriados.
  3737 | D:4      | Noticed an ice beast
  3746 | D:4      | Killed an ice beast
  3747 | D:4      | Reached skill level 1 in Fighting
  4039 | D:4      | Reached XP level 7. HP: 50/50 MP: 6/10
  4258 | D:4      | Found an ancient bone altar of Kikubaaqudgha.
  4314 | D:4      | Became a worshipper of Kikubaaqudgha
  4764 | D:4      | Found Ypaxibogh's Book Emporium.
  5126 | D:5      | Entered Level 5 of the Dungeon
  5272 | D:5      | Slain by a gnoll sergeant

Illustrated notes

Levels and vault maps discovered:
D:1:      minmay_arrival_split_and_join, layout_basic,
          hellmonk_ecumenical_altar_run_dry
D:2:      layout_basic, serial_shops, nicolae_shop_rolling_square
D:3:      layout_loops_ring, nicolae_elyvilon_peaceful_grove,
          mainiacjoe_overflow_large_starburst, kennysheep_slug_shrine,
          st_stairs_9, uniq_natasha
D:4:      layout_cave_pods, lemuel_coloured_pillars_altar,
          nicolae_inconvenience_store
D:5:      layout_rooms, temple_green, serial_shops, nicolae_lakefront_shop

Skill      XL: |  1  2  3  4  5  6  7 |
---------------+----------------------+-----
Necromancy     | 5 6 7 8 |  8.3
Fighting       | 2 4 |  4.0
Dodging        | 2 4 |  4.2
Stealth        | |  1.7
Spellcasting   | |  2.0

Action                     |  1- 3 |  4- 6 |  7- 9 || total
---------------------------+-------+-------+-------++-------
  Melee: Unarmed           |     9 |       |       ||     9
         Short sword       |    13 |    80 |    39 ||   132
         Punch             |     1 |       |       ||     1
   Cast: Necrotise         |    70 |    80 |    43 ||   193
         Vampiric Draining |       |     6 |     2 ||     8
    Use: Potion            |     1 |     2 |       ||     3
         Scroll            |     4 |     5 |       ||     9
   Stab: Sleeping          |       |     1 |       ||     1
 Armour: Robe              |     5 |    33 |    16 ||    54
  Dodge: Dodged            |    31 |    73 |    44 ||   148
